 Dungeon Crawl Stone Soup version 0.24-a0-462-ge24419a6ad (webtiles) character file.

Game seed: 17265526052537299186

13 mhoghedin the Stinger (level 2, -6/18 HPs)
             Began as an Octopode Venom Mage on July 1, 2019.
             Mangled by a gnoll
             ... wielding a +0 halberd
              (7 damage)
             ... on level 2 of the Dungeon.
             The game lasted 00:01:40 (688 turns).

mhoghedin the Stinger (Octopode Venom Mage)          Turns: 688, Time: 00:01:40

Health: -6/18      AC:  1    Str:  7    XL:     2   Next: 37%
Magic:  5/5        EV:  7    Int: 17    God:
Gold:   37         SH:  0    Dex: 12    Spells: 2/5 levels left

rFire    . . .     SeeInvis .   f - +1 whip (vamp) {!w}
rCold    . . .     Gourm    .   (no shield)
rNeg     . . .     Faith    .   (helmet restricted)
rPois    .         Spirit   .   (no amulet)
rElec    .         Reflect  .   (no ring)
rCorr    .         Harm     .   (no ring)
MR       .....                  (no ring)
Stlth    +++.......             (no ring)
HPRegen  0.06/turn              (no ring)
MPRegen  0.09/turn              (no ring)
                                (no ring)
                                (no ring)

@: held
A: almost no armour, stealthy swim, amphibious, 8 rings, constrict 8, camouflage
1, gelatinous body 1
a: no special abilities


You were on level 2 of the Dungeon.
You were not hungry.

You visited 1 branch of the dungeon, and saw 2 of its levels.

You collected 37 gold pieces.

Inventory:

Hand Weapons
 f - a +1 vampiric whip (weapon) {!w}
   (You found it on level 1 of the Dungeon)
Scrolls
 c - a scroll of identify
 d - a scroll of magic mapping {!r}
 g - a scroll of fog
Comestibles
 b - 2 rations


   Skills:
 + Level 1.0 Fighting
 + Level 1.0 Maces & Flails
 - Level 2.0 Dodging
 - Level 2.6 Stealth
 - Level 2.1 Spellcasting
 - Level 1.1 Conjurations
 - Level 3.7 Poison Magic


You had 2 spell levels left.
You knew the following spells:

 Your Spells              Type           Power        Failure   Level  Hunger
a - Sting                 Conj/Pois      ##..         7%          1    #......
b - Poisonous Vapours     Pois/Air       #.....       14%         2    ###....

Your spell library contained the following spells:

 Spells                   Type           Power        Failure   Level  Hunger
 Mephitic Cloud           Conj/Pois/Air  #.......     30%         3    ###....
 Olgreb's Toxic Radiance  Pois           ##......     38%         4    #####..
 Venom Bolt               Conj/Pois      ##........   89%         5    ######.


Dungeon Overview and Level Annotations

Branches:
Dungeon (1/15)

Altars:


Innate Abilities, Weirdness & Mutations

You cannot wear most types of armour.
You are very stealthy in the water. (Stealth+)
You are amphibious.
You can wear up to eight rings at the same time.
You can use your tentacles to constrict eight enemies at once.
Your skin changes colour to match your surroundings (Stealth+).
Your rubbery body absorbs attacks. (AC +1, EV +1)


Message History

The dart slug closely misses you.
Health restored: 18 You hit the dart slug.
You constrict the dart slug. The dart slug closely misses you.
You hit the dart slug. You constrict the dart slug.
You kill the dart slug!
You now have 21 gold pieces (gained 12).
Found a stone staircase leading down.
c - 2 scrolls labeled NAMOR NETE (gained 1)
Found a stone staircase leading down.
g - 2 scrolls labeled AWKACEO ZYMOE You fall into a shaft and drop 1 floor!
The shaft crumbles and collapses.
Found 16 gold pieces and a scroll labeled IHUNET BINNI.
Found a stone staircase leading down.
You now have 37 gold pieces (gained 16).
A kobold comes into view. It is wielding a +0 dagger.
A hobgoblin comes into view.
There is a stone staircase leading down here.
There are monsters nearby!
There are monsters nearby! 2 gnolls come into view.
The kobold throws a stone.
The stone closely misses you.
The kobold throws a stone.
The stone hits you.
There is a stone staircase leading down here.
You see here a stone.
You take 3 damage, and have 15/18 hp.
The hobgoblin shouts!
You hear a shout!
You hit the hobgoblin. Your grab misses the hobgoblin.
You squeeze the hobgoblin. The hobgoblin hits you.
You take 4 damage, and have 12/18 hp.
MASSIVE DAMAGE!!
You hit the hobgoblin.
You feel better.
You kill the hobgoblin!
You closely miss the kobold. You grab the kobold.
You squeeze the kobold, but do no damage.
You constrict the kobold, but do no damage.
The kobold barely misses you.
You hit the kobold. You constrict the kobold. The kobold barely misses you.
You hit the kobold.
You feel better.
You kill the kobold!
Your Fighting skill increases to level 1!
Your Maces & Flails skill increases to level 1!
You start resting.
A gnoll comes into view. It is wielding a +0 whip.
Okay, then.
Unknown command.
Memorise Poisonous Vapours, consuming 2 spell levels and leaving 2?
You start memorising the spell.
You continue memorising. x2
You finish memorising.
Spell assigned to 'b'.
Unknown command.
You start resting.
Health restored: 18 You see here a +0 dagger.
The gnoll is too close now for your liking.
A gnoll is nearby!
The gnoll shouts!
You hear a shout!
A gnoll comes into view. It is wielding a +0 halberd.
There is a stone staircase leading down here.
You see here a stone.
The gnoll throws a throwing net.
The throwing net hits you.
You become entangled in the net!
You see here a throwing net {=f, !d}.
Unknown command.
You struggle against the net.
The gnoll shouts!
You tear a large gash into the net.
You rip the net and break free!
The gnoll throws a throwing net.
The throwing net hits you.
You become entangled in the net!
You struggle against the net.
As you read the scroll labeled AWKACEO ZYMOE, it crumbles to dust.
The scroll dissolves into smoke.
It was a scroll of fog.
The gnoll closely misses you.
As you read the scroll labeled NAMOR NETE, it crumbles to dust.
It is a scroll of identify.
d - a scroll of magic mapping The gnoll hits you from afar with a +0 halberd.
The gnoll hits you with a +0 flail.
A kobold comes into view. It is wielding a +0 whip.
The gnoll hits you with a +0 whip.
* * * LOW HITPOINT WARNING * * *
You take 14 damage, and have 4/18 hp.
MASSIVE DAMAGE!!
As you read the scroll labeled ITHRIQY DEQEAMM, it crumbles to dust.
You hear a loud clanging noise!
It was a scroll of noise.
The kobold shouts!
You hear an angry hiss. x2; You hear a bark! x2
A quokka comes into view.
The gnoll closely misses you. The gnoll hits you with a +0 whip.
* * * LOW HITPOINT WARNING * * *
You take 3 damage, and have 1/18 hp.
As you read the scroll labeled TOK ZUASIG ROA, it crumbles to dust.
It is a scroll of amnesia.
Really abort (and waste the scroll)? [Y]es or [N]o only, please.
Really abort (and waste the scroll)?
Okay, then.
The gnoll hits you from afar with a +0 halberd!
You die...

. ############### ..
#.............# ...
#...).........# ....
#####.........###.....
#.......§§§.......
##....§§g§§...#..
#####§§@gg...r.#
##§§§g?.K...(
##§.###...#) #!.# ...#
...# ..# #..## .(.
...# ... ###..


You could see 4 gnolls, a quokka and a kobold.

Vanquished Creatures
  A dart slug (D:1)
  2 bats (D:1)
  A goblin (D:1)
  2 hobgoblins
  2 kobolds
  2 rats (D:1)
10 creatures vanquished.

Notes
Turn   | Place    | Note
-------+----------+-------------------------------------------
     0 | D:1      | mhoghedin the Octopode Venom Mage began the quest for the
                  | Orb.
     0 | D:1      | Reached XP level 1. HP: 11/11 MP: 3/3
   472 | D:1      | Reached XP level 2. HP: 14/18 MP: 5/5
   582 | D:1      | You fall into a shaft and drop 1 floor!
   609 | D:2      | Reached skill level 1 in Fighting
   609 | D:2      | Reached skill level 1 in Maces & Flails
   625 | D:2      | Learned a level 2 spell: Poisonous Vapours
   686 | D:2      | HP: 4/18 [gnoll/+0 whip (4)]
   687 | D:2      | HP: 1/18 [gnoll/+0 whip (3)]
   688 | D:2      | Mangled by a gnoll

Levels and vault maps discovered:
D:1:      roderic_crossed_star, layout_loops_ring
D:2:      layout_rooms, kiku_gazebo_garden_becter, chequers_mini_garden,
          uniq_terence

Skill      XL: |  1  2 |
---------------+-------+-----
Fighting       | 1 |  1.0
Maces & Flails | 1 |  1.0
Dodging        | |  2.0
Stealth        | |  2.6
Spellcasting   | |  2.1
Conjurations   | |  1.1
Poison Magic   | |  3.7

Action                   || total
-------------------------++-------
Melee: Whip              ||    17
       Unarmed           ||     6
       Constrict         ||     7
       Tentacles         ||     3
 Cast: Sting             ||     6
  Use: Scroll            ||     4
 Stab: Sleeping          ||     3
Armor: Skin              ||     3
Dodge: Dodged            ||    34

Table legend:
 A = Non-vault XP
 B = Vault XP
 C = Vault XP percentage of total XP
 D = Non-vault monster count
 E = Vault monster count
 F = Vault count percentage of total count
                 A         B        C        D         E       F
            +---------+---------+-------+---------+---------+-------
      Total |      19 |       0 |   0.0 |      10 |       0 |   0.0
            +---------+---------+-------+---------+---------+-------
        D:1 |      15 |       0 |   0.0 |       8 |       0 |   0.0
        D:2 |       4 |       0 |   0.0 |       2 |       0 |   0.0
            +---------+---------+-------+---------+---------+-------

Levels and vault maps discovered:
D:1:      roderic_crossed_star, layout_loops_ring
D:2:      layout_rooms, kiku_gazebo_garden_becter, chequers_mini_garden,
          uniq_terence

Table legend:
 A = Turns spent in this place as a percentage of turns spent in the entire game.
 B = Non-inter-level travel turns spent in this place as a percentage of non-inter-level travel turns spent in the entire game.
 C = Inter-level travel turns spent in this place as a percentage of turns spent in this place.
 D = Turns resting spent in this place as a percentage of non-inter-level travel turns spent in this place.
 E = Turns spent auto-exploring this place as a percentage of non-inter-level travel turns spent in this place.
 F = Non-inter-level travel turns spent in this place divided by the number of levels of this place that you've seen.
                   A       B       C       D       E      F
               +-------+-------+-------+-------+-------+----------------------
         Total | 100.0 | 100.0 |   2.0 |  43.9 |  36.9 | 337.0
       Dungeon | 100.0 | 100.0 |   2.0 |  43.9 |  36.9 | 337.0
               +-------+-------+-------+-------+-------+----------------------

Table legend:
 A = Kills in this place as a percentage of kills in entire the game.
 B = Kills by you in this place as a percentage of kills by you in the entire game.
 C = Kills by friends in this place as a percentage of kills by friends in the entire game.
 D = Other kills in this place as a percentage of other kills in the entire game.
 E = Experience gained in this place as a percentage of experience gained in the entire game.
 F = Experience gained in this place divided by the number of levels of this place that you have seen.
                   A       B       C       D       E      F
               +-------+-------+-------+-------+-------+----------------------
         Total | 100.0 | 100.0 |   N/A |   N/A | 100.0 |   9.5
       Dungeon | 100.0 | 100.0 |   N/A |   N/A | 100.0 |   9.5
               +-------+-------+-------+-------+-------+----------------------
